 Dungeon Crawl Stone Soup version 0.20-a0-655-g4bc97ff (webtiles) character file.

91381 AlphabetPasta the Fencer (level 16, -1/151 HPs)
             Began as a Naga Berserker on Feb 16, 2017.
             Was a High Priest of Trog.
             Slain by an orc knight
             ... wielding a +3 vampiric bardiche
              (3 damage)
             ... on level 13 of the Dungeon.
             The game lasted 02:19:55 (26112 turns).

AlphabetPasta the Fencer (Naga Berserker)          Turns: 26112, Time: 02:19:56

Health: -1/151     AC: 14    Str: 25    XL:     16   Next: 3%
Magic:  23/23      EV: 12    Int:  9    God:    Trog [*****.]
Gold:   2289       SH:  6    Dex: 13    Spells: 15/15 levels left

rFire    + + .     SeeInvis +   a - +12 double sword of Enumn {flame, *Drain rElec rF+ Str+2}
rCold    + + .     Gourm    .   h - +0 scale mail {rF+}
rNeg     . . .     Faith    .   t - +0 buckler
rPois    +         Spirit   .   k - +1 helmet
rElec    +         Reflect  .   O - scarf {rC+}
rCorr    .         Harm     .   y - +0 pair of gloves
MR       ++...                  (no barding)
Stlth    ..........             U - amulet of regeneration
Regen    0.8/turn               (no ring)
MPRegen  0.2/turn               p - ring of protection from cold

@: drained, very slow
A: see invisible, deformed body, poison resistance, slowness 2, slow metabolism
1, spit poison 1, constrict 1, AC +5
a: Spit Poison, Berserk, Trog's Hand, Brothers in Arms, Burn Spellbooks,
Renounce Religion


You were on level 13 of the Dungeon.
You worshipped Trog.
Trog was extremely pleased with you.
You were not hungry.

You visited 3 branches of the dungeon, and saw 21 of its levels.
You also visited: Sewer and Ice Cave.

You collected 2289 gold pieces.

Inventory:

Hand Weapons
 a - the +12 double sword of Enumn (weapon) {flame, *Drain rElec rF+ Str+2}
   (Trog gifted it to you on level 2 of the Orcish Mines)

   It has been specially enchanted to burn those struck by it, causing extra
   injury to most foes and up to half again as much damage against particularly
   susceptible opponents.
   Big, fiery blades are also staple armaments of hydra-hunters.
   It affects your strength (+2).
   It protects you from fire.
   It insulates you from electricity.
   It causes draining when unequipped.
 b - a +3 hunting sling of venom
 c - a +4 scimitar of holy wrath
 i - a +2 rapier of electrocution
 H - a +2 scimitar of venom
Missiles
 w - 6 javelins (quivered)
 C - 421 stones
 P - 129 sling bullets
 Y - 2 throwing nets
Armour
 h - a +0 scale mail of fire resistance (worn)
 k - a +1 helmet (worn)
 r - a +0 large shield
 t - a +0 buckler (worn)
 y - a +0 pair of gloves (worn)
 O - a scarf of cold resistance (worn)
Jewellery
 f - an uncursed amulet of guardian spirit
 p - a ring of protection from cold (left hand)
 U - an amulet of regeneration (around neck)
Wands
 m - a wand of confusion (23/48)
 s - a wand of paralysis (12/24)
 x - a wand of lightning (5/15)
 B - a wand of random effects (10/48)
 G - a wand of confusion (35/48)
 J - a wand of scattershot (0/9)
 K - a wand of iceblast (8/15)
 M - a wand of confusion (26/48)
 Q - a wand of scattershot (2/9)
 Z - a wand of disintegration (3/24)
Scrolls
 e - a scroll of holy word
 g - a scroll of teleportation
 l - 5 scrolls of magic mapping
 o - 5 scrolls of remove curse
 q - 5 scrolls of enchant weapon
 I - 6 scrolls of recharging
 R - 3 scrolls of identify
 S - 4 scrolls of enchant armour
 W - 3 scrolls of fog
 X - a scroll of fear
Potions
 j - 2 potions of cancellation
 n - 2 potions of invisibility
 u - 11 potions of curing
 v - 4 potions of flight
 A - 3 potions of haste
 D - 3 potions of agility
 N - a potion of resistance
 V - a potion of heal wounds
Comestibles
 d - 4 meat rations
 z - 4 royal jellies
 E - 14 bread rations
 F - 28 fruits


   Skills:
 + Level 11.6(11.5) Fighting
 + Level 16.2(16.0) Long Blades
 - Level 9.1(9.0) Slings
 + Level 8.4(8.2) Armour
 + Level 9.0(8.8) Dodging
 + Level 8.7(8.6) Shields
 + Level 9.6(9.4) Evocations


You had 15 spell levels left.
You didn't know any spells.

Dungeon Overview and Level Annotations

Branches:
Dungeon (13/15)            Temple (0/1) D:4            Lair (6/6) D:8
 Shoals (0/4) Lair:4        Snake (0/4) Lair:2        Slime (0/5) Lair:6
    Orc (2/2) D:10            Elf (0/3) Orc:2
 Vaults: D:13-14

Altars:
Hepliaklqana
Kikubaaqudgha
Makhleb
Okawaru
Ru
Sif Muna
Vehumet
Jiyva

Shops:
Orc:2 ([:*

Annotations:
D:5 !hydra


Innate Abilities, Weirdness & Mutations

You cannot wear boots.
Your serpentine skin is tough. (AC +5)
You have supernaturally acute eyesight. (SInv)
Armour fits poorly on your strangely shaped body.
Your system is resistant to poisons. (rPois)
You cover ground very slowly.
You have a slow metabolism.
You can spit poison.
You can use your snake-like lower body to constrict enemies.


Message History

You constrict the centaur!
You kill the centaur!
Trog accepts your kill. The yaktaur misses you.
Your scale mail prevents you from hitting the yaktaur.
The orc knight hits you from afar with a vampiric bardiche!
* * * LOW HITPOINT WARNING * * *
The yaktaur hits you but does no damage.
A centaur and a yaktaur come into view.
The centaur shouts!
The centaur wields a shortbow.
The centaur shoots an arrow.
The arrow hits you!
* * * LOW HITPOINT WARNING * * *
The yaktaur wields a runed arbalest.
The yaktaur shoots a bolt.
The bolt hits you!!
* * * LOW HITPOINT WARNING * * *
The yaktaur barely misses you.
You riposte.
You slash the yaktaur! You burn the yaktaur.
The yaktaur is moderately wounded.
The orc knight hits you with a vampiric bardiche.
You die...

))..# #.....#.#...# )...#
#. . #####.#.###.# .(..#
#. ##. #.. #.#.#..O# ....#
# #..#.# #.###.#.#.###
....# #.#..#.#
+.......#...# ....#
........ ##.#.#######.#
....#
##.#..#.#####..#.........#
###...
.....c.§oc§...############
... ..c....(§@§§..#
######.#..#§#######
........ ##.#.c#.## #
#..#.# #. ##. #. o # #


You could see an orc knight, 2 yaktaurs and a centaur.

Vanquished Creatures
  Saint Roka (Orc:1)
  Rupert (Orc:1)
  Frances (D:12)
  Gastronok (D:9)
  A frost giant (IceCv)
  2 orc warlords (Orc:1)
  Nessos (D:13)
  6 dire elephants (Lair:6)
  Erolcha (D:9)
  2 hydras
  Harold (D:12)
  A catoblepas (Lair:6)
  An anaconda (Lair:6)
  2 two-headed ogres
  A centaur warrior (D:13)
  8 death yaks
  2 orc high priests (Orc:2)
  Nergalle (Lair:3)
  An unseen horror (D:10)
  An orc knight (Orc:1)
  An oklob plant (Lair:6)
  5 orc sorcerers
  A manticore (D:12)
  A centaur zombie (D:12)
  10 elephants
  The ghost of plsesad the Destroyer, a novice DEFE (D:5)
  An ice statue (IceCv)
  5 black mambas
  21 spiny frogs
  A gargoyle (D:12)
  2 yaktaurs (D:13)
  2 kobold demonologists (D:12)
  6 rime drakes
  9 komodo dragons
  7 trolls
  16 polar bears
  2 hornets
  5 dream sheep (Lair:6)
  5 hippogriffs
  8 blink frogs
  A basilisk (Lair:5)
  A spriggan (Lair:3)
  2 wyverns
  A wraith (D:12)
  65 yaks
  3 hungry ghosts
  Grum (D:8)
  6 vampire mosquitoes
  Menkaure (D:4)
  3 wargs
  A soldier ant (D:12)
  2 nagas (Lair:2)
  5 water moccasins
  12 porcupines
  37 orc warriors
  10 ice beasts
  A hornet zombie (D:13)
  4 phantoms
  A black bear (D:7)
  17 ogres
  33 wolves
  The ghost of AlphabetPasta the Bolt Thrower, an amateur BaHu (D:3)
  17 centaurs
  11 crocodiles
  17 bullfrogs
  5 big kobolds
  A wyvern zombie (D:12)
  6 scorpions
  2 troll zombies (D:10)
  A water moccasin skeleton (D:3)
  20 killer bees
  18 wights
  3 howler monkeys
  3 electric eels (Lair:1)
  6 crimson imps
  2 bullfrog zombies
  5 hounds
  7 jellies
  15 orc wizards
  19 orc priests
  5 bullfrog skeletons
  3 centaur skeletons
  5 iguanas
  7 worker ants
  4 hell rats (Lair:6)
  5 ogre zombies (D:10)
  2 hound zombies (D:7)
  11 adders
  A river rat (D:4)
  9 shadow imps
  An adder zombie (D:7)
  7 oozes
  3 worms
  2 adder skeletons
  5 dart slugs
  7 leopard geckos
  86 orcs
  4 ball pythons
  11 bats
  4 giant cockroaches
  4 goblins
  13 hobgoblins
  2 jackals (Sewer)
  16 kobolds
  3 quokkas
  4 frilled lizards
  6 goblin zombies (D:10)
  3 hobgoblin skeletons (D:10)
  5 hobgoblin zombies (D:10)
  A jackal skeleton (D:4)
  2 orc skeletons (D:10)
  9 orc zombies (D:10)
  A quokka skeleton (D:8)
  A quokka zombie (D:9)
  10 rats
  A bush (Lair:3)
  2 fungi
  5 plants
781 creatures vanquished.

Vanquished Creatures (collateral kills)
  A centaur skeleton (D:12)
  2 centaurs (D:13)
3 creatures vanquished.

Vanquished Creatures (others)
  A worker ant (D:12)
  A rat (D:3)
  5 fungi
  7 plants
14 creatures vanquished.

Grand Total: 798 creatures vanquished

Notes
Turn   | Place    | Note
-------+----------+-------------------------------------------
     0 | D:1      | AlphabetPasta the Naga Berserker began the quest for the Orb.
     0 | D:1      | Reached XP level 1. HP: 21/21 MP: 1/1
   103 | D:1      | Reached XP level 2. HP: 16/28 MP: 2/2
   509 | D:1      | Reached XP level 3. HP: 28/34 MP: 3/3
   882 | D:2      | Reached ** piety under Trog
  1065 | D:2      | Reached XP level 4. HP: 42/42 MP: 4/4
  1275 | D:2      | Reached skill level 4 in Long Blades
  1661 | D:3      | Reached XP level 5. HP: 49/49 MP: 2/5
  1693 | D:3      | Noticed AlphabetPasta's ghost (amateur BaHu)
  1873 | D:3      | Killed AlphabetPasta's ghost
  1873 | D:3      | Reached skill level 1 in Evocations
  1873 | D:3      | Reached XP level 6. HP: 45/57 MP: 3/6
  2250 | D:3      | Found a faded altar of an unknown god.
  2407 | D:3      | Reached skill level 5 in Long Blades
  2497 | D:3      | Noticed a phantom
  2556 | D:3      | Killed a phantom
  2556 | D:3      | Reached skill level 1 in Slings
  2808 | D:3      | Reached XP level 7. HP: 63/63 MP: 8/8
  3210 | D:4      | Reached skill level 1 in Shields
  3247 | D:4      | Found a glowing drain.
  3253 | Sewer    | Entered a sewer
  3309 | Sewer    | Reached *** piety under Trog
  3349 | Sewer    | Found a white marble altar of Elyvilon.
  3960 | D:4      | Noticed Menkaure
  3973 | D:4      | Killed Menkaure
  4054 | D:4      | Reached XP level 8. HP: 71/73 MP: 9/9
  4108 | D:4      | Found a staircase to the Ecumenical Temple.
  4271 | D:4      | Reached skill level 6 in Long Blades
  4449 | D:5      | Entered Level 5 of the Dungeon
  4583 | D:5      | Found a deep blue altar of Sif Muna.
  4678 | D:5      | Noticed plsesad's ghost (novice DEFE)
  4690 | D:5      | Killed plsesad's ghost
  5141 | D:6      | Noticed an eight-headed hydra
  5193 | D:6      | Reached skill level 5 in Fighting
  5331 | D:6      | Reached XP level 9. HP: 69/81 MP: 7/11
  5339 | D:6      | Reached skill level 7 in Long Blades
  5650 | D:6      | Found a burning altar of Makhleb.
  6041 | D:7      | Reached **** piety under Trog
  6942 | D:7      | Reached skill level 8 in Long Blades
  7102 | D:7      | Found an ancient bone altar of Kikubaaqudgha.
  7182 | D:7      | Found a hazy altar of Hepliaklqana.
  7183 | D:7      | Found a sacrificial altar of Ru.
  7278 | D:7      | Upgraded the game from 0.20-a0-651-g496bc70 to 0.20-a0-655-g4bc97ff
  7398 | D:8      | Reached XP level 10. HP: 51/91 MP: 7/13
  7925 | D:8      | Found a staircase to the Lair.
  8007 | D:9      | Noticed Erolcha
  8082 | D:9      | Noticed Gastronok
  8107 | D:9      | Noticed Grum
  8121 | D:8      | Killed Grum
  8331 | D:9      | Killed Gastronok
  8331 | D:9      | Reached skill level 9 in Long Blades
  8331 | D:9      | Reached skill level 5 in Dodging
  8331 | D:9      | Reached skill level 5 in Evocations
  8455 | D:9      | Killed Erolcha
  8455 | D:9      | Reached skill level 5 in Armour
  8455 | D:9      | Reached XP level 11. HP: 99/99 MP: 13/15
  8910 | D:9      | Reached ***** piety under Trog
  8925 | D:9      | Received a gift from Trog
  9149 | D:9      | Reached skill level 5 in Slings
  9297 | D:10     | Entered Level 10 of the Dungeon
  9378 | D:10     | Found a staircase to the Orcish Mines.
  9475 | D:10     | Noticed an unseen horror
  9493 | D:10     | Killed an unseen horror
  9493 | D:10     | Reached skill level 10 in Long Blades
 10487 | D:10     | Received a gift from Trog
 10742 | D:11     | Reached skill level 5 in Shields
 10796 | D:11     | You fall through a shaft!
 10796 | D:12     | Noticed Frances
 10809 | D:12     | Killed Frances
 10809 | D:12     | Reached XP level 12. HP: 110/110 MP: 13/17
 11221 | D:11     | Noticed a two-headed ogre
 11228 | D:11     | Killed a two-headed ogre
 11672 | D:11     | Identified a scroll of acquirement
 11761 | D:11     | Reached skill level 11 in Long Blades
 11771 | D:11     | Received a gift from Trog
 12285 | D:12     | You fall through a shaft!
 12334 | D:13     | Noticed Nessos
 12336 | D:13     | Noticed a centaur warrior
 12347 | D:13     | Killed a centaur warrior
 12356 | D:13     | Killed Nessos
 12356 | D:13     | Reached skill level 12 in Long Blades
 13059 | D:12     | Noticed Harold
 13071 | D:12     | Killed Harold
 13194 | D:12     | Found a radiant altar of Vehumet.
 13283 | D:12     | Gained mutation: You can use your snake-like lower body to constrict enemies. [Naga growth]
 13283 | D:12     | Reached XP level 13. HP: 112/120 MP: 16/18
 13454 | D:11     | Reached skill level 13 in Long Blades
 13555 | D:12     | Received a gift from Trog
 13992 | Lair:1   | Entered Level 1 of the Lair of Beasts
 14011 | Lair:1   | Received a gift from Trog
 14020 | Lair:1   | Reached skill level 14 in Long Blades
 14056 | Lair:1   | Found a frozen archway.
 14172 | IceCv    | Entered an ice cave
 14855 | IceCv    | Reached skill level 15 in Long Blades
 15136 | IceCv    | Noticed a frost giant
 15163 | IceCv    | Killed a frost giant
 15176 | IceCv    | Reached skill level 10 in Fighting
 15641 | Lair:1   | Reached skill level 16 in Long Blades
 16106 | Lair:1   | Reached XP level 14. HP: 132/132 MP: 19/19
 16989 | Lair:2   | Received a gift from Trog
 17444 | Lair:2   | Found a staircase to the Snake Pit.
 17593 | Lair:2   | Got a crude chain mail
 17595 | Lair:2   | Identified the +3 chain mail of the Game of Life {rPois} (You found it on level 2 of the Lair of Beasts)
 17761 | Lair:3   | Noticed Nergalle
 17769 | Lair:3   | Killed Nergalle
 18986 | Lair:4   | Found a staircase to the Shoals.
 19447 | Lair:4   | Got a twitching ivory amulet
 19448 | Lair:4   | Identified the amulet of Hospitality {Spirit Int+3} (You found it on level 4 of the Lair of Beasts)
 19999 | Lair:5   | Got a smoking copper ring
 20000 | Lair:5   | Identified the ring of Qutaups {*Tele rPois rF+} (You found it on level 5 of the Lair of Beasts)
 20341 | Lair:6   | Entered Level 6 of the Lair of Beasts
 20341 | Lair:6   | Found a runed door.
 20519 | Lair:6   | Found an iron altar of Okawaru.
 20802 | Lair:6   | Found a viscous altar of Jiyva.
 20828 | Lair:4   | HP: 1/199 [death yak (10)]
 21251 | Lair:6   | Found a staircase to the Slime Pits.
 21390 | Lair:6   | Reached XP level 15. HP: 137/140 MP: 21/21
 21409 | Lair:6   | Received a gift from Trog
 23079 | Lair:6   | Identified Tucojuuz's Collected Works on the Hurtful Entourage
 23554 | Orc:1    | Entered Level 1 of the Orcish Mines
 24160 | Orc:2    | Entered Level 2 of the Orcish Mines
 24160 | Orc:2    | Found a staircase to the Elven Halls.
 24209 | Orc:2    | Noticed an orc warlord
 24209 | Orc:2    | Noticed Rupert
 24210 | Orc:2    | Noticed Saint Roka
 24466 | Orc:1    | Killed Rupert
 24522 | Orc:1    | Killed an orc warlord
 24522 | Orc:1    | Received a gift from Trog
 24580 | Orc:2    | Noticed an orc warlord
 24720 | Orc:1    | Killed an orc warlord
 25167 | Orc:1    | Killed Saint Roka
 25319 | Orc:2    | Found Dyci's Antique Armour Shop.
 25331 | Orc:2    | Received a gift from Trog
 25334 | Orc:2    | Got an iridescent double sword {god gift}
 25358 | Orc:2    | Identified the +12 double sword of Enumn {flame, *Drain rElec rF+ Str+2} (Trog gifted it to you on level 2 of the Orcish Mines)
 25413 | Orc:2    | Found Cost's Book Shop.
 25595 | Orc:2    | Found Eweufug's Antique Weapon Shoppe.
 25700 | Orc:2    | Found Monosuci's General Store.
 26063 | D:13     | Reached XP level 16. HP: 151/151 MP: 23/23
 26112 | D:13     | HP: 2/151 [yaktaur/bolt (19)]
 26112 | D:13     | Slain by an orc knight

Vault maps used:
D:1:      dpeg_arrival_rooms_b
D:2:      first_bread, item_on_display_a
D:3:      chequers_ecumenical_altar_simple
D:4:      temple_fountains, gup_sewer_entry_bubbles, uniq_menkaure
D:5:      nicolae_overflow_hidden_temple
D:6:      lemuel_coloured_pillars_altar
D:7:      kiku_gazebo_garden_becter, gammafunk_temple_overflow_pools,
          kennysheep_crisscross
D:8:      david_lair_shrubbed
D:9:      uniq_gastronok, uniq_erolcha, uniq_grum
D:10:     zombieorc2_lemuel
D:12:     basic_altar, special_room, uniq_frances, uniq_harold
D:13:     hangedman_vaults_entry_quadrant_bands, special_room,
          hangedman_fish_farm, uniq_nessos
Lair:1:   portal_ice_cave_entry_ice_beasts, nicolae_quartered_pool_super,
          infiniplex_staircase_pool_2, grunt_megastairs_3
Lair:2:   guppyfry_snake_entry_garden, grunt_megastairs_1
Lair:3:   grunt_forest_large_clearing_hut, uniq_nergalle
Lair:4:   elwin_shoals_entry_rocks, grunt_megastairs_2, lemuel_fruit_tree,
          lemuel_fruit_fields, serial_bayou_shore_b
Lair:6:   due_jungle_book, slime_altar_2, st_stairs_9, lemuel_oklob_altar,
          lemuel_fruit_fields
Orc:2:    grunt_orc_gardens, grunt_orc_garden, grunt_orc_garden,
          grunt_orc_garden, grunt_orc_garden, uniq_rupert, uniq_saint_roka
Sewer:    sewer_kobolds
IceCv:    ice_cave_caverns_01

Skill      XL: |  1  2  3  4  5  6  7  8  9 10 11 12 13 14 15 |
---------------+----------------------------------------------+-----
Dodging        | 2 3 4 5 6 7 8 9 |  9.0
Armour         | 2 3 4 5 6 7 8 |  8.4
Long Blades    | 4 5 6 8 9 10 12 16 | 16.2
Evocations     | 1 2 3 4 5 6 7 8 9 |  9.6
Slings         | 1 2 3 4 5 7 9 |  9.1
Fighting       | 4 5 6 7 8 10 11 | 11.6
Shields        | 1 2 3 5 6 7 8 |  8.7

Action                   |  1- 3 |  4- 6 |  7- 9 | 10-12 | 13-15 | 16-18 || total
-------------------------+-------+-------+-------+-------+-------+-------++-------
Melee: Falchion          |    50 |   117 |   273 |       |       |       ||   440
       Scimitar          |       |       |   123 |   837 |  1247 |       ||  2207
       Constrict         |       |       |       |       |   231 |     4 ||   235
       Rapier            |       |       |       |       |    18 |       ||    18
       Double sword      |       |       |       |       |    40 |    20 ||    60
 Fire: Hunting sling     |       |       |     3 |    55 |   282 |       ||   340
Throw: Stone             |       |       |     1 |       |       |       ||     1
       Tomahawk          |       |       |       |     6 |       |       ||     6
       Javelin           |       |       |       |       |    14 |       ||    14
Invok: Berserk           |     1 |     4 |     6 |    10 |    16 |       ||    37
       Trog's Hand       |       |       |     1 |     3 |     2 |       ||     6
       Brothers in Arms  |       |       |       |     2 |     1 |       ||     3
       Burn Spellbooks   |       |       |       |       |     1 |       ||     1
 Abil: Spit Poison       |    22 |    22 |    36 |    41 |     6 |       ||   127
Evoke: Wand              |       |       |     3 |     3 |     1 |       ||     7
  Use: Scroll            |     3 |     4 |    13 |    11 |    19 |     1 ||    51
       Potion            |       |       |     2 |     1 |     3 |     1 ||     7
  Eat: Chunk             |     2 |    10 |     9 |    29 |    36 |       ||    86
       Royal jelly       |       |       |     2 |       |     1 |       ||     3
       Meat ration       |       |       |     2 |     1 |     1 |       ||     4
       Fruit             |       |       |       |     1 |     8 |       ||     9
Armor: Animal skin       |     1 |       |       |       |       |       ||     1
       Scale mail        |    17 |    37 |   284 |   287 |   411 |     7 ||  1043
       Ring mail         |     3 |       |       |       |       |       ||     3
Dodge: Dodged            |    28 |    42 |   232 |   313 |   546 |    11 ||  1172
Block: Buckler           |       |       |    68 |   142 |   283 |    10 ||   503
       Rpst.: Falchion   |    10 |    11 |    41 |       |       |       ||    62
       Scimitar          |       |       |    30 |    86 |   136 |       ||   252
       Double sword      |       |       |       |       |     5 |     3 ||     8
